TOP OF THE 1ST |
Maryland Terrapins batting - Pitching for Minnesota Golden Gophers : RHP Harvey Taylor
|
Pitching: RHP Harvey Taylor
|
|
Batting: LHB Edmund Stone
|
0-0: Called Strike 0-1: Ball 1-1: Foul Ball, location: 2F 1-2: Ball 2-2: Strikes out swinging
|
Batting: LHB James Navarro
|
0-0: Called Strike 0-1: Swinging Strike 0-2: Ball 1-2: Ball 2-2: SINGLE (Groundball, 34D)
|
Batting: LHB Gary Powers
|
0-0: Ball 1-0: Ball 2-0: Ball 3-0: Base on Balls James Navarro to second
|
Batting: RHB Randall James
|
0-0: Ball 1-0: Foul Ball, location: 2F 1-1: Ball 2-1: Foul Ball, location: 2F 2-2: Ball 3-2: Fly out, F8 (Flyball, 8LM) Runner from 2nd tags up, OUT at 3rd
|
Top of the 1st over - 0 run(s), 1 hit(s), 0 error(s), 1 left on base; Maryland 0 - Minnesota 0 |
BOTTOM OF THE 1ST |
Minnesota Golden Gophers batting - Pitching for Maryland Terrapins : LHP Tim Sanders
|
Pitching: LHP Tim Sanders
|
|
Batting: LHB Arturo Nieves
|
0-0: Called Strike 0-1: Ball 1-1: Called Strike 1-2: Ball 2-2: Ball 3-2: Foul Ball, location: 2F 3-2: Fly out, F8 (Flyball, 8RS)
|
Batting: LHB Will Rhodes
|
0-0: Swinging Strike 0-1: Swinging Strike 0-2: Foul Ball, location: 2F 0-2: Foul Ball, location: 2F 0-2: Ball 1-2: Foul Ball, location: 2F 1-2: Strikes out swinging
|
Batting: RHB Christian Nash
|
0-0: Fly out, F9 (Flyball, 9LMF)
|
Bottom of the 1st over - 0 run(s), 0 hit(s), 0 error(s), 0 left on base; Maryland 0 - Minnesota 0 |
TOP OF THE 2ND |
Maryland Terrapins batting - Pitching for Minnesota Golden Gophers : RHP Harvey Taylor
|
Batting: LHB Don MacNeill
|
0-0: Called Strike 0-1: Swinging Strike 0-2: Foul Ball, location: 2F 0-2: Strikes out looking
|
Batting: RHB Bill Cooper
|
0-0: Called Strike 0-1: Ball 1-1: Fly out, F8 (Flyball, 8RM)
|
Batting: LHB Josh Peterson
|
0-0: Ball 1-0: Ball 2-0: Foul Ball, location: 2F 2-1: Foul Ball, location: 2F 2-2: Ball 3-2: Ground out 4-3 (Groundball, 34)
|
Top of the 2nd over - 0 run(s), 0 hit(s), 0 error(s), 0 left on base; Maryland 0 - Minnesota 0 |
BOTTOM OF THE 2ND |
Minnesota Golden Gophers batting - Pitching for Maryland Terrapins : LHP Tim Sanders
|
Batting: RHB Mike Martínez
|
0-0: Ball 1-0: Ball 2-0: Called Strike 2-1: Ball 3-1: Base on Balls
|
Batting: RHB James Morris
|
0-0: Called Strike 0-1: Called Strike 0-2: Strikes out looking
|
Batting: RHB Travis Alexander
|
0-0: Ball 1-0: Ball 2-0: Ball 3-0: Base on Balls Mike Martínez to second
|
Batting: LHB Scott Rivera
|
0-0: Foul Ball, location: 2F 0-1: Foul Ball, location: 2F 0-2: Ball 1-2: Ball 2-2: Strikes out looking
|
Batting: SHB Enrique Stevenson
|
0-0: Ball 1-0: Foul Ball, location: 2F 1-1: Ball 2-1: Hit by Pitch Mike Martínez to third Travis Alexander to second
|
Batting: RHB Jorge Morán
|
0-0: Foul Ball, location: 2F 0-1: Ball 1-1: Called Strike 1-2: Foul Ball, location: 2F 1-2: Strikes out swinging
|
Bottom of the 2nd over - 0 run(s), 0 hit(s), 0 error(s), 3 left on base; Maryland 0 - Minnesota 0 |
TOP OF THE 3RD |
Maryland Terrapins batting - Pitching for Minnesota Golden Gophers : RHP Harvey Taylor
|
Batting: RHB Bill Marsh
|
0-0: Reached on error, E6 (Groundball, 6)
|
Batting: SHB Will Allen
|
0-0: Fly out, F8 (Flyball, 8RD)
|
Batting: LHB Edmund Stone
|
0-0: Ball 1-0: Fielders Choice at 2nd, 6-4 (Groundball, 6)
|
Batting: LHB James Navarro
|
0-0: Ball 1-0: Called Strike 1-1: Foul Ball, location: 2F 1-2: Ball 2-2: Strikes out swinging
|
Top of the 3rd over - 0 run(s), 0 hit(s), 1 error(s), 1 left on base; Maryland 0 - Minnesota 0 |
BOTTOM OF THE 3RD |
Minnesota Golden Gophers batting - Pitching for Maryland Terrapins : LHP Tim Sanders
|
Batting: LHB Arturo Nieves
|
0-0: Ground out 6-3 (Groundball, 6)
|
Batting: LHB Will Rhodes
|
0-0: Fly out, F8 (Flyball, 8RS)
|
Batting: RHB Christian Nash
|
0-0: Called Strike 0-1: Ball 1-1: Fly out, F4 (Popup, 4D)
|
Bottom of the 3rd over - 0 run(s), 0 hit(s), 0 error(s), 0 left on base; Maryland 0 - Minnesota 0 |
TOP OF THE 4TH |
Maryland Terrapins batting - Pitching for Minnesota Golden Gophers : RHP Harvey Taylor
|
Batting: LHB Gary Powers
|
0-0: Called Strike 0-1: Foul Ball, location: 2F 0-2: Ball 1-2: Ball 2-2: Fly out, F9 (Flyball, 89S)
|
Batting: RHB Randall James
|
0-0: Ground out 5-3 (Groundball, 56S)
|
Batting: LHB Don MacNeill
|
0-0: Foul Ball, location: 2F 0-1: Ball 1-1: Called Strike 1-2: Strikes out looking
|
Top of the 4th over - 0 run(s), 0 hit(s), 0 error(s), 0 left on base; Maryland 0 - Minnesota 0 |
BOTTOM OF THE 4TH |
Minnesota Golden Gophers batting - Pitching for Maryland Terrapins : LHP Tim Sanders
|
Batting: RHB Mike Martínez
|
0-0: Ball 1-0: Called Strike 1-1: SINGLE (Groundball, 4) (infield hit)
|
Batting: RHB James Morris
|
0-0: Swinging Strike 0-1: Foul Ball, location: 2F 0-2: Strikes out swinging
|
Batting: RHB Travis Alexander
|
0-0: Foul Ball, location: 2F 0-1: Ball 1-1: Swinging Strike Mike Martínez is caught stealing 2nd base 1-2: Ball 2-2: Foul Ball, location: 2F 2-2: Single, Error in OF, E8, batter to second base
|
Batting: LHB Scott Rivera
|
0-0: Ball 1-0: Fly out, F4 (Popup, 3D)
|
Bottom of the 4th over - 0 run(s), 2 hit(s), 1 error(s), 1 left on base; Maryland 0 - Minnesota 0 |
TOP OF THE 5TH |
Maryland Terrapins batting - Pitching for Minnesota Golden Gophers : RHP Harvey Taylor
|
Batting: RHB Bill Cooper
|
0-0: Called Strike 0-1: Ball 1-1: Ball 2-1: Fly out, F7 (Flyball, 7LMF)
|
Batting: LHB Josh Peterson
|
0-0: Swinging Strike 0-1: Swinging Strike 0-2: Foul Ball, location: 2F 0-2: Strikes out swinging
|
Batting: RHB Bill Marsh
|
0-0: Ball 1-0: Ball 2-0: Called Strike 2-1: Called Strike 2-2: Fly out, F7 (Line Drive, 7S)
|
Top of the 5th over - 0 run(s), 0 hit(s), 0 error(s), 0 left on base; Maryland 0 - Minnesota 0 |
BOTTOM OF THE 5TH |
Minnesota Golden Gophers batting - Pitching for Maryland Terrapins : LHP Tim Sanders
|
Batting: SHB Enrique Stevenson
|
0-0: Ball 1-0: Ball 2-0: Called Strike 2-1: Swinging Strike 2-2: Ball 3-2: Foul Ball, location: 2F 3-2: Strikes out looking
|
Batting: RHB Jorge Morán
|
0-0: Ball 1-0: Called Strike 1-1: Ball 2-1: Ball 3-1: Foul Ball, location: 2F 3-2: Strikes out swinging
|
Batting: LHB Arturo Nieves
|
0-0: Ball 1-0: Swinging Strike 1-1: Ball 2-1: Swinging Strike 2-2: Strikes out looking
|
Bottom of the 5th over - 0 run(s), 0 hit(s), 0 error(s), 0 left on base; Maryland 0 - Minnesota 0 |
TOP OF THE 6TH |
Maryland Terrapins batting - Pitching for Minnesota Golden Gophers : RHP Harvey Taylor
|
Batting: SHB Will Allen
|
0-0: Foul Ball, location: 2F 0-1: Foul Ball, location: 2F 0-2: Ball 1-2: Foul Ball, location: 2F 1-2: Strikes out swinging
|
Batting: LHB Edmund Stone
|
0-0: Foul Ball, location: 2F 0-1: Foul Ball, location: 2F 0-2: Ball 1-2: Ball 2-2: SINGLE (Flyball, 8RS)
|
Batting: LHB James Navarro
|
0-0: Ball 1-0: Called Strike 1-1: Ball 2-1: Called Strike 2-2: Fly out, F9 (Line Drive, 89S)
|
Pitching: RHP Rafael Luna
|
|
Batting: LHB Gary Powers
|
0-0: Ball 1-0: Ball 2-0: Called Strike 2-1: Foul Ball, location: 2F 2-2: Ball 3-2: Fly out, F9 (Flyball, 9D)
|
Top of the 6th over - 0 run(s), 1 hit(s), 0 error(s), 1 left on base; Maryland 0 - Minnesota 0 |
BOTTOM OF THE 6TH |
Minnesota Golden Gophers batting - Pitching for Maryland Terrapins : LHP Tim Sanders
|
Batting: LHB Will Rhodes
|
0-0: Called Strike 0-1: Foul Ball, location: 2F 0-2: Strikes out looking
|
Pitching: RHP Nicholas Wright
|
|
Batting: RHB Christian Nash
|
0-0: Ball 1-0: SOLO HOME RUN (Flyball, 9LD), Distance : 327 ft
|
Batting: RHB Mike Martínez
|
0-0: Called Strike 0-1: Ball 1-1: SINGLE (Groundball, 34D)
|
Batting: RHB James Morris
|
0-0: Ball 1-0: Swinging Strike 1-1: 2-RUN HOME RUN (Flyball, 78XD), Distance : 372 ft
|
Pitching: LHP Enrico Sánchez
|
|
Batting: RHB Travis Alexander
|
0-0: Called Strike 0-1: Foul Ball, location: 2F 0-2: Ground out 5-3 (Groundball, 56S)
|
Batting: LHB Scott Rivera
|
0-0: Called Strike 0-1: SINGLE (Line Drive, 4MD)
|
Batting: SHB Enrique Stevenson
|
0-0: Ball 1-0: Ball 2-0: Ball 3-0: Base on Balls Scott Rivera to second
|
Batting: RHB Jorge Morán
|
0-0: Foul Ball, location: 2F 0-1: Ball 1-1: Foul Ball, location: 2F 1-2: Ball 2-2: Foul Ball, location: 2F 2-2: Foul Ball, location: 2F 2-2: Foul Ball, location: 2F 2-2: Foul Ball, location: 2F 2-2: Ground out 5-3 (Groundball, 56S)
|
Bottom of the 6th over - 3 run(s), 4 hit(s), 0 error(s), 2 left on base; Maryland 0 - Minnesota 3 |
TOP OF THE 7TH |
Maryland Terrapins batting - Pitching for Minnesota Golden Gophers : RHP Rafael Luna
|
Batting: RHB Randall James
|
0-0: Ground out 6-3 (Groundball, 6S)
|
Batting: LHB Don MacNeill
|
0-0: Called Strike 0-1: Ground out 5-3 (Groundball, 5)
|
Batting: RHB Bill Cooper
|
0-0: Called Strike 0-1: Fly out, F9 (Flyball, 9D)
|
Top of the 7th over - 0 run(s), 0 hit(s), 0 error(s), 0 left on base; Maryland 0 - Minnesota 3 |
BOTTOM OF THE 7TH |
Minnesota Golden Gophers batting - Pitching for Maryland Terrapins : LHP Enrico Sánchez
|
Batting: LHB Arturo Nieves
|
0-0: Called Strike 0-1: Swinging Strike 0-2: Ball 1-2: Ball 2-2: Strikes out swinging
|
Pitching: RHP Buddy Wickett
|
|
Batting: LHB Will Rhodes
|
0-0: Called Strike 0-1: Fly out, F3 (Popup, 3L)
|
Batting: RHB Christian Nash
|
0-0: Ball 1-0: Called Strike 1-1: Ball 2-1: Ground out U3 (Groundball, 34)
|
Bottom of the 7th over - 0 run(s), 0 hit(s), 0 error(s), 0 left on base; Maryland 0 - Minnesota 3 |
TOP OF THE 8TH |
Maryland Terrapins batting - Pitching for Minnesota Golden Gophers : RHP Rafael Luna
|
Now at C: Pedro García
|
|
Now in RF: Emory Lawson
|
|
Batting: LHB Josh Peterson
|
0-0: Called Strike 0-1: Ball 1-1: Foul Ball, location: 2F 1-2: Ball 2-2: Strikes out swinging
|
Batting: RHB Bill Marsh
|
0-0: Swinging Strike 0-1: Ball 1-1: Ball 2-1: Ball 3-1: SINGLE (Line Drive, 7LS)
|
Batting: SHB Will Allen
|
0-0: Ball 1-0: Ball 2-0: Foul Ball, location: 2F 2-1: Foul Ball, location: 2F 2-2: Ball 3-2: SINGLE (Flyball, 9S) Bill Marsh to second Runner from 2nd tries for 3rd, OUT!
|
Pitching: LHP Christian Williamson
|
|
Batting: LHB Edmund Stone
|
0-0: Ball 1-0: Swinging Strike 1-1: Foul Ball, location: 2F 1-2: Ball 2-2: Strikes out swinging
|
Top of the 8th over - 0 run(s), 2 hit(s), 0 error(s), 1 left on base; Maryland 0 - Minnesota 3 |
BOTTOM OF THE 8TH |
Minnesota Golden Gophers batting - Pitching for Maryland Terrapins : RHP Buddy Wickett
|
Batting: RHB Mike Martínez
|
0-0: Ball 1-0: Foul Ball, location: 2F 1-1: Swinging Strike 1-2: Ball 2-2: Ground out 4-3 (Groundball, 34)
|
Batting: RHB James Morris
|
0-0: Fly out, F8 (Flyball, 8RS)
|
Batting: RHB Travis Alexander
|
0-0: Ball 1-0: Foul Ball, location: 2F 1-1: Foul Ball, location: 2F 1-2: Strikes out swinging
|
Bottom of the 8th over - 0 run(s), 0 hit(s), 0 error(s), 0 left on base; Maryland 0 - Minnesota 3 |
TOP OF THE 9TH |
Maryland Terrapins batting - Pitching for Minnesota Golden Gophers : LHP Christian Williamson
|
Pitching: RHP Sancho Martínez
|
|
Batting: LHB James Navarro
|
0-0: Swinging Strike 0-1: Swinging Strike 0-2: Fly out, F7 (Flyball, 7S)
|
Batting: LHB Gary Powers
|
0-0: Called Strike 0-1: Foul Ball, location: 2F 0-2: Strikes out looking
|
Batting: RHB Randall James
|
0-0: SINGLE (Line Drive, 56)
|
Batting: LHB Don MacNeill
|
0-0: Called Strike 0-1: Called Strike 0-2: Ball 1-2: Strikes out swinging
|
Top of the 9th over - 0 run(s), 1 hit(s), 0 error(s), 1 left on base; Maryland 0 - Minnesota 3 |
|